 Dungeon Crawl Stone Soup version 0.26-a0-682-g294304f6e8 (webtiles) character file.

Game seed: 17759141026312789872

24 tacoguy the Shield-Bearer (level 2, 0/27 HPs)
             Began as a Minotaur Fighter on Oct 21, 2020.
             Slain by a goblin
             ... wielding a +1 dagger of electrocution
              (17 damage)
             ... on level 1 of the Dungeon.
             The game lasted 00:01:34 (1003 turns).

tacoguy the Shield-Bearer (Minotaur Fighter)        Turns: 1003, Time: 00:01:35

Health: 0/27       AC:  7    Str: 20    XL:     2   Next: 79%
Magic:  1/1        EV:  7    Int:  5    God:
Gold:   26         SH:  9    Dex:  9    Spells: 1/1 levels left

rFire    . . .     SeeInvis .   a - +0 rapier
rCold    . . .     Faith    .   c - +0 kite shield
rNeg     . . .     Spirit   .   b - +0 scale mail
rPois    .         Reflect  .   (helmet restricted)
rElec    .         Harm     .   (no cloak)
rCorr    .         Rampage  .   (no gloves)
MR       .....                  (no boots)
Stlth    ..........             (no amulet)
HPRegen  0.09/turn              (no ring)
MPRegen  0.07/turn              (no ring)

@: no status effects
A: retaliatory headbutt, horns 2
a: no special abilities


You were on level 1 of the Dungeon.
You visited 1 branch of the dungeon, and saw 1 of its levels.

You collected 26 gold pieces.

Inventory:

Hand Weapons
 a - a +0 rapier (weapon)
Armour
 b - a +0 scale mail (worn)
 c - a +0 kite shield (worn)
Potions
 d - a potion of might
 e - a potion of brilliance {unknown}
 f - a potion of flight {unknown}
 g - a potion of lignification {unknown}


   Skills:
 + Level 3.9 Fighting
 + Level 2.3 Short Blades
 + Level 4.0 Armour
 + Level 0.8 Dodging
 + Level 4.0 Shields


You had one spell level left.
You didn't know any spells.
Your spell library was empty.

Dungeon Overview and Level Annotations

Branches:
Dungeon (1/15)

Altars:


Innate Abilities, Weirdness & Mutations

You reflexively headbutt those who attack you in melee.
You have a pair of horns on your head.


Message History

You kill the frilled lizard!
You now have 26 gold pieces (gained 6).
You open the door. You open the door.
Found a leather armour.
There is an open door here.
Found a glowing tourmaline ring.
g - a smoky ruby potion A frilled lizard and a goblin come into view.
The goblin is wielding a +1 dagger of electrocution.
The goblin shouts!
The frilled lizard hisses angrily.
The goblin hits you with a +1 dagger of electrocution.
You see here a glowing tourmaline ring.
You closely miss the goblin. You block the goblin's attack.
You hit the goblin but do no damage. The goblin hits you but does no damage.
You are electrocuted!
The goblin hits you but does no damage.
You closely miss the goblin. Your headbutt misses the goblin.
The goblin hits you but does no damage.
You are electrocuted!
Ouch! That really hurt!
You die...

###
#.#######
#@gl.....
#.#######
#.#
#####.##
#......#
#......#
#[.....#
#......#
##
#......#


You could see a goblin and a frilled lizard.

Vanquished Creatures
  An ooze (D:1)
  A dart slug (D:1)
  A leopard gecko (D:1)
  6 bats (D:1)
  2 hobgoblins (D:1)
  4 frilled lizards (D:1)
  2 kobolds (D:1)
  2 rats (D:1)
19 creatures vanquished.

Notes
Turn   | Place    | Note
-------+----------+-------------------------------------------
     0 | D:1      | tacoguy the Minotaur Fighter began the quest for the Orb.
     0 | D:1      | Reached XP level 1. HP: 19/19 MP: 0/0
   520 | D:1      | Reached XP level 2. HP: 27/27 MP: 1/1
  1003 | D:1      | Slain by a goblin

Illustrated notes

Levels and vault maps discovered:
D:1:      dpeg_arrival_erosion, layout_basic, serial_forest,
          infiniplex_forest_fountain, infiniplex_forest_straight_2,
          infiniplex_forest_lined_corner, infiniplex_forest_lined_corner,
          infiniplex_forest_lined_room_, infiniplex_forest_straight_1,
          infiniplex_forest_lined_room_, infiniplex_forest_end_2,
          infiniplex_forest_join

Skill      XL: |  1  2 |
---------------+-------+-----
Armour         | 4 |  4.0
Shields        | 4 |  4.0
Fighting       | |  3.9
Short Blades   | |  2.3
Dodging        | |  0.8

Action                   || total
-------------------------++-------
Melee: Rapier            ||    45
       Headbutt          ||     2
Armor: Scale mail        ||    27
Dodge: Dodged            ||    16
Block: Kite shield       ||    31

Table legend: (Time is in decaauts)
 A = Elapsed time spent in this place.
 B = Non-inter-level travel time spent in this place.
 C = Inter-level travel time spent in this place.
 D = Time resting spent in this place.
 E = Time spent auto-exploring this place.
 F = Levels seen in this place.
 G = Mean time per level.
                   A        B        C        D        E       F      G
               +--------+--------+--------+--------+--------+-----+--------+
         Total |   1010 |   1010 |      0 |    184 |    676 |   1 | 1010.0 |
       Dungeon |   1010 |   1010 |      0 |    184 |    676 |   1 | 1010.0 |
               +--------+--------+--------+--------+--------+-----+--------+

Top non-repeatable levels by time:
     D:1: 1010 daAuts
